 Dungeon Crawl Stone Soup version 0.22-a0-402-ga933591 (webtiles) character file.

21 Mgcat the Skirmisher (level 2, -1/29 HPs)
             Began as a Troll Fighter on May 6, 2018.
             Killed from afar by an orc wizard (8 damage)
             ... with a magic dart
             ... on level 2 of the Dungeon.
             The game lasted 00:01:13 (886 turns).

Mgcat the Skirmisher (Troll Fighter)                 Turns: 886, Time: 00:01:14

Health: -1/29      AC:  5    Str: 23    XL:     2   Next: 65%
Magic:  1/1        EV:  8    Int:  4    God:
Gold:   53         SH:  8    Dex:  9    Spells: 1/1 levels left

rFire    . . .     SeeInvis .     - Unarmed
rCold    . . .     Gourm    +   b - +0 shield
rNeg     . . .     Faith    .   a - +0 robe
rPois    .         Spirit   .   (helmet restricted)
rElec    .         Reflect  .   (no cloak)
rCorr    .         Harm     .   (gloves unavailable)
MR       .....                  (boots unavailable)
Stlth    +.........             (no amulet)
HPRegen  0.49/turn              (no ring)
MPRegen  0.07/turn              (no ring)

@: slowed, very slow
A: large, unfitting armour, claws 3, fast metabolism 3, gourmand, regeneration
1, shaggy fur 1, tough skin 2
a: no special abilities


You were on level 2 of the Dungeon.
You were very full.

You visited 1 branch of the dungeon, and saw 2 of its levels.

You collected 53 gold pieces.

Inventory:

Hand Weapons
 g - a +0 club
   (You took it off a goblin on level 1 of the Dungeon)
 h - a +0 dagger
   (You found it on level 1 of the Dungeon)
 k - a +0 club
   (You took it off a hobgoblin on level 1 of the Dungeon)
 l - a +0 club
   (You took it off a goblin on level 1 of the Dungeon)
Armour
 a - a +0 robe (worn)
 b - a +0 shield (worn)
Scrolls
 e - a scroll of remove curse {unknown}
 m - a scroll of immolation {unknown}
Potions
 c - a potion of might
 f - a potion of haste {unknown}
 j - a potion of resistance {unknown}
 n - a potion of curing {unknown}
 o - a potion of flight {unknown}
Comestibles
 d - 4 rations
 i - a chunk of flesh {@w0}


   Skills:
 + Level 2.9 Fighting
 - Level 2.4 Dodging
 - Level 2.4 Shields
 + Level 2.7 Unarmed Combat


You had one spell level left.
You didn't know any spells.

Dungeon Overview and Level Annotations

Branches:
Dungeon (2/15)

Altars:


Innate Abilities, Weirdness & Mutations

You are too large for most types of armour.
You have claws for hands.
Your metabolism is lightning-fast.
You like to eat raw meat.
Your natural rate of healing is unusually fast.
You are covered in fur. (AC +1)
You have very tough skin. (AC +2)


Message History

This raw flesh tastes great.
o - a lumpy red potion Key pressed, stopping explore.
Key pressed, stopping explore.
You open the door.
There is an open door here.
Some of the chunks of flesh in your inventory have rotted away.
Eating a chunk of flesh {@w0}.
You eat the chunk of flesh {@w0}.
This raw flesh tastes great.
You open the door.
There is an open door here.
You open the door.
There is an open door here.
Found a stone staircase leading down.
There is a stone staircase leading down here.
A frilled lizard comes into view.
A frilled lizard is nearby!
The frilled lizard hisses angrily.
You closely miss the frilled lizard. You block the frilled lizard's attack.
You claw the frilled lizard!
You kill the frilled lizard!
No target in view!
No target in view!
No target in view!
You butcher the frilled lizard corpse.
i - a chunk of flesh {@w0} You see here a frilled lizard skeleton. x2
Done exploring.
Done exploring.
Done exploring.
Done exploring.
Done exploring.
Done exploring.
(D) Dungeon
Where to? (? - help)
What level of the Dungeon? (default 1, ? - help)
There is a stone staircase leading down here.
You climb downwards.
There is a stone staircase leading up here.
Unknown command.
Unknown command.
An orc comes into view. It is wielding a club.
The orc shouts!
You hear a bark!
The orc moves out of view.
An orc comes into view. It is wielding a falchion.
An orc wizard comes into view. It is wielding a dagger.
The orc shouts!
The orc wizard shouts!
You hear a bark!
An orc wizard comes into view. It is wielding a dagger.
The orc wizard shouts!
The orc wizard gestures wildly while chanting.
The orc wizard seems to speed up.
You closely miss the orc. The orc closely misses you.
The orc wizard casts a spell.
The orc wizard flickers and vanishes!
Deactivating autopickup; reactivate with Ctrl-A.
You claw the orc!
You kill the orc!
The orc hits you but does no damage.
You claw the orc!
You kill the orc!
You scratch the orc wizard.
The orc wizard is moderately wounded.
You miss something. You closely miss something.
Something hits you but does no damage.
You miss something.
The orc wizard gestures at you while chanting.
The magic dart hits something.
Something hits you but does no damage.
You scratch something. Something hits you but does no damage.
You barely miss something. Something hits you but does no damage.
You closely miss something.
You hear some strange, mumbled words.
You are confused.
You miss something.
The orc wizard casts a spell.
The orc wizard blinks!
Something hits you.
You closely miss something.
The orc wizard casts a spell.
The orc wizard blinks!
Something hits you but does no damage.
You're too confused to move!
Something hits you.
The orc wizard mumbles some strange words.
The orc wizard blinks!
You bump into the rock wall.
You hear some strange, mumbled words.
A puff of flame appears from out of thin air!
The puff of flame hits you!
You bump into the rock wall.
Something hits you but does no damage.
You bump into the rock wall.
Something hits you but does no damage. The orc wizard casts a spell at you.
The magic dart hits you!
You bump into the rock wall.
You feel less confused.
The orc wizard points at you and mumbles some strange words.
You feel yourself slow down.
You hear some strange, mumbled words.
A magic dart appears from out of thin air!
The magic dart hits you!
* * * LOW HITPOINT WARNING * * *
The orc wizard gestures at you while chanting.
The magic dart hits you!
You die...

.. #.#+## .
#...$# #. #....#
# #. #....# .#
#..#....# ..#
####..#....#...#.
..........)......
.....#.#)#...#..
### #<#@# ..#
###.# .# ... #
##o## ... ... #.#
#.#


You could see an orc wizard.

Vanquished Creatures
  2 orcs (D:2)
  A giant cockroach (D:1)
  4 goblins (D:1)
  3 hobgoblins (D:1)
  2 kobolds (D:1)
  A frilled lizard (D:1)
  4 rats (D:1)
17 creatures vanquished.

Notes
Turn   | Place    | Note
-------+----------+-------------------------------------------
     0 | D:1      | Mgcat the Troll Fighter began the quest for the Orb.
     0 | D:1      | Reached XP level 1. HP: 22/22 MP: 0/0
   385 | D:1      | Reached XP level 2. HP: 21/29 MP: 1/1
   886 | D:2      | HP: 7/29 [something/magic dart (7)]
   886 | D:2      | Killed from afar by an orc wizard

Vault maps used:
D:1:      nzn_arrival_crosshair, minmay_misc_feat_plants

Action                   || total
-------------------------++-------
Melee: Unarmed           ||    46
  Eat: Chunk             ||    13
Armor: Robe              ||    13
Dodge: Dodged            ||     6
Block: Shield            ||     9

Table legend:
 A = Spawn XP
 B = Non-spawn XP
 C = Spawn XP percentage of total XP
 D = Spawn monster count
 E = Non-spawn monster count
 F = Spawn count percentage of total count
 G = Total turns spent on level
                    A         B        C        D         E        F      G
               +---------+---------+-------+---------+---------+-------+---------
         Total |       0 |      31 |   0.0 |       0 |      17 |   0.0 |   886
               +---------+---------+-------+---------+---------+-------+---------
           D:1 |       0 |      25 |   0.0 |       0 |      15 |   0.0 |   864
           D:2 |       0 |       6 |   0.0 |       0 |       2 |   0.0 |    22
               +---------+---------+-------+---------+---------+-------+---------

Vault maps used:
D:1:      nzn_arrival_crosshair, minmay_misc_feat_plants

Table legend:
 A = Turns spent in this place as a percentage of turns spent in the entire game.
 B = Non-inter-level travel turns spent in this place as a percentage of non-inter-level travel turns spent in the entire game.
 C = Inter-level travel turns spent in this place as a percentage of turns spent in this place.
 D = Turns resting spent in this place as a percentage of non-inter-level travel turns spent in this place.
 E = Turns spent auto-exploring this place as a percentage of non-inter-level travel turns spent in this place.
 F = Non-inter-level travel turns spent in this place divided by the number of levels of this place that you've seen.
                   A       B       C       D       E      F
               +-------+-------+-------+-------+-------+----------------------
         Total | 100.0 | 100.0 |   2.7 |   0.0 |  86.7 | 431.0
       Dungeon | 100.0 | 100.0 |   2.7 |   0.0 |  86.7 | 431.0
               +-------+-------+-------+-------+-------+----------------------

Table legend:
 A = Kills in this place as a percentage of kills in entire the game.
 B = Kills by you in this place as a percentage of kills by you in the entire game.
 C = Kills by friends in this place as a percentage of kills by friends in the entire game.
 D = Other kills in this place as a percentage of other kills in the entire game.
 E = Experience gained in this place as a percentage of experience gained in the entire game.
 F = Experience gained in this place divided by the number of levels of this place that you have seen.
                   A       B       C       D       E      F
               +-------+-------+-------+-------+-------+----------------------
         Total | 100.0 | 100.0 |   N/A |   N/A | 100.0 |  15.5
       Dungeon | 100.0 | 100.0 |   N/A |   N/A | 100.0 |  15.5
               +-------+-------+-------+-------+-------+----------------------
